[Event "1st Henriquez Urena Memorial 2022"]
[Site "Santo Domingo"]
[Date "2022.09.18"]
[Round "4.7"]
[White "Subervi, Jonathan Sigfredo"]
[Black "Camacho Campusano, David Daniel"]
[Result "1/2-1/2"]
[ECO "A57"]
[WhiteElo "2124"]
[BlackElo "2230"]
[Annotator "TA"]
[PlyCount "31"]
[EventDate "2022.09.16"]
[EventType "swiss"]
[EventCountry "DOM"]
[SourceTitle "playchess.com"]
[Source "ChessBase"]
[SourceQuality "1"]
[TimeControl "5400+30"]

1. Nf3 Nf6 2. d4 c5 3. d5 g6 4. c4 b5 5. cxb5 a6 6. Nc3 Bg7 {[%emt 0:00:16] A57: Benko/Volga Gambit.} (6... axb5 $1 $11 7. Nxb5 Qa5+ 8. Nc3 Ne4) 7. e4 $16 O-O 8. a4 e6 {[%emt 0:00:49] White is better.} 9. bxa6 {[%emt 0:26:46] White is more active.} (9. e5 $16 {Threatens to win with Bg5.} Ng4 10. Bf4) 9... Qa5 {[%emt 0:05:18] Strongly threatening ...Nxe4.} 10. Bd2 Bxa6 11. dxe6 fxe6 {[%emt 0:02:32] [#]} 12. e5 $146 ({White should play} 12. Nd5 $1 $16 Qd8 13. Bxa6 Rxa6 14. Nxf6+ Qxf6 15. Bc3) ({Predecessor:} 12. Bb5 Bxb5 13. Nxb5 Qb6 14. Qe2 Nc6 15. O-O Na5 16. Bxa5 Rxa5 17. e5 Nd5 18. b3 {0-1 (59) Tarasova,V (2226)-Avila Pavas,S (2395) Chess.com INT 2021}) 12... Ng4 $11 {[%emt 0:01:04] The position is equal.} 13. Nd5 Qd8 14. Bg5 Qa5+ 15. Bd2 {[%emt 0:01:17] The board is on fire.} Qd8 16. Bg5 {[%emt 0:00:39] Weighted Error Value: White=0.28 (precise) /Black=0.26 (precise)} 1/2-1/2

[Event "1st Henriquez Urena Memorial 2022"]
[Site "Santo Domingo"]
[Date "2022.09.18"]
[Round "4.10"]
[White "Lugo Matos, Richards Reynier"]
[Black "Crispin Ferreras, Darvi Abraham"]
[Result "0-1"]
[ECO "B43"]
[WhiteElo "2157"]
[BlackElo "2160"]
[Annotator "TA"]
[PlyCount "98"]
[EventDate "2022.09.16"]
[EventType "swiss"]
[EventCountry "DOM"]
[SourceTitle "playchess.com"]
[Source "ChessBase"]
[SourceQuality "1"]
[TimeControl "5400+30"]

1. e4 e6 2. Nf3 c5 3. d4 cxd4 4. Nxd4 a6 5. Bd3 Nf6 6. O-O Qc7 7. Nc3 Bc5 8. Nb3 Be7 9. f4 d6 10. Kh1 {[%emt 0:00:44] B43: Sicilian: Kan Variation: 5 Nc3.} Nbd7 11. Qf3 b6 12. Bd2 {[%emt 0:06:01] The position is equal.} Bb7 13. Rae1 h5 {[%emt 0:01:51] [#]} 14. Qg3 $146 ({Predecessor:} 14. Nd4 g6 15. Qh3 Ng4 16. f5 gxf5 17. exf5 e5 18. f6 Ngxf6 19. Nf5 Rg8 20. Re2 {½-½ (77) Atakisi,U (2437)-Markus,R (2591) Gothenburg 2005}) 14... h4 15. Qh3 ({Don't go for} 15. Qxg7 $2 Rh7 16. Qg5 Rh5 $19) 15... O-O-O 16. a4 Nh5 17. Kg1 Kb8 18. Qf3 (18. f5 $11) 18... Rdg8 19. Qe2 g5 20. fxg5 ({Don't do} 20. Bxa6 gxf4 21. Bxf4 Nxf4 22. Rxf4 Bxa6 23. Qxa6 Ne5 $14) 20... Ne5 (20... Bxg5 $15 {keeps the upper hand.} 21. Rxf7 Qc8) 21. Bf4 $2 (21. Bxa6 $16 {is forced if you want to stay better.} Bxg5 22. Bxb7 Qxb7 23. Bxg5 Rxg5 24. Qd2) 21... Nxf4 $19 {[%emt 0:01:10][%mdl 64] Remove Defender} 22. Rxf4 Bxg5 23. Rf2 Qc8 24. Kh1 (24. h3 $142) 24... Bd8 25. Nd2 h3 26. g3 Bc7 27. Nc4 Nxd3 28. Qxd3 {[%emt 0:00:51] [#]} d5 29. exd5 exd5 30. Nxd5 Rg5 {[%emt 0:02:06] Inhibits Rf5.} 31. Nce3 Qe6 $2 (31... Re8 $19 32. c4 b5) 32. c4 $15 Re8 33. Kg1 Rxg3+ $2 34. hxg3 $18 Bxg3 {[%emt 0:00:01] [#] Hoping for ...h2+.} 35. Rf6 $4 (35. Ng2 $1 $18 Be5 (35... Bxf2+ 36. Kxf2) 36. Rf5) 35... Qxf6 36. Rf1 Qxb2 37. Qc2 Qd4 38. Qd1 Qc5 39. Rf3 {[%emt 0:01:29] [#]} Rxe3 $1 40. Nxe3 Qxe3+ 41. Rxe3 $19 h2+ 42. Kf1 h1=Q+ 43. Ke2 Qg2+ 44. Kd3 f5 {[%emt 0:00:17] Threatens to win with ...Be4+.} 45. Re8+ Ka7 46. a5 Qc6 47. axb6+ Qxb6 48. Re2 {[%emt 0:02:25] Prevents Qb2.} Qd6+ 49. Kc2 Qxd1+ {[%emt 0:00:04] Weighted Error Value: White=0.52/Black=0.58} 0-1

[Event "1st Henriquez Urena Memorial 2022"]
[Site "Santo Domingo"]
[Date "2022.09.20"]
[Round "5.1"]
[White "Cuenca Jimenez, Jose Fernando"]
[Black "Peralta, Fernando"]
[Result "*"]
[ECO "D26"]
[WhiteElo "2553"]
[BlackElo "2600"]
[Annotator "TA"]
[PlyCount "51"]
[EventDate "2022.09.16"]
[EventType "swiss"]
[EventCountry "DOM"]
[SourceTitle "playchess.com"]
[Source "ChessBase"]
[SourceQuality "1"]
[TimeControl "5400+30"]

1. d4 d5 2. c4 dxc4 3. e3 Nf6 4. Bxc4 e6 5. Nf3 c5 6. O-O Nc6 7. Qe2 cxd4 8. Rd1 Be7 9. exd4 O-O 10. a3 Nd5 11. Nc3 {[%emt 0:00:30] EASY} Bf6 {[%emt 0:00:30] CPLX 2.5. D26: Queen's Gambit Accepted: 4 e3 e6 5 Bxc5 c5 sidelines.} 12. Ne4 {[%emt 1:31:00] BESTDEEP} Nce7 {[%emt 0:24:25] CPLX 2.6 39 (b7-b6) (=20)} 13. Nxf6+ {[%emt 0:00:00] [#] CPLX 2.6} Nxf6 $146 {[%emt 0:00:30] RECAPT. White is slightly better.} ({Predecessor:} 13... gxf6 14. Bh6 Re8 15. Qe4 Kh8 16. Bd3 Ng6 17. g3 Bd7 18. Rac1 Bc6 19. Qe2 Rg8 {0-1 (33) Kolev,A (2540)-Bratanov,Z (2427) Sofia 2004}) 14. Bg5 {[%emt 0:00:00] CPLX 2.2} b6 {[%emt 0:17:39] CPLX 2.4 5 (Qd8-d6) (=11)} 15. Bxf6 {[%emt 0:00:00] BESTDEEP} gxf6 {[%emt 0:00:30] RECAPT} 16. Qe4 {[%emt 0:00:00] Inhibits Bb7. EASY} Nd5 $1 {[%emt 0:00:30] CPLX 3.5} 17. Bxd5 {[%emt 0:00:00] BESTDEEP} ({But not} 17. Bd3 $6 f5 18. Qe1 (18. Qe5 Bb7 $11) 18... Bb7 $15) 17... Qxd5 {[%emt 0:00:30] RECAPT} 18. Qxd5 {[%emt 0:00:00] RECAPT 2 (Qe4-f4) (=0)} (18. Qf4 {looks sharper.} Kg7 19. Rd3 Qf5 20. Qxf5 exf5 21. d5) 18... exd5 {[%emt 0:03:36] RECAPT} 19. Nd2 {CPLX 2.0 29 (Nf3-h4) (=3)} Ba6 {CPLX 2.0} 20. Nb1 {[%emt 0:00:00] BESTDEEP} Bc4 {BESTDEEP} 21. Nc3 {[%emt 0:00:00] CPLX 2.0} a5 {[%emt 0:01:30] BESTDEEP} 22. Re1 {[%emt 0:00:00] CPLX 2.0 7 (a3-a4) (=3)} Rfe8 {[%emt 0:18:28] CPLX 2.0 12 (b6-b5) (=5)} 23. Na4 {CPLX 2.2 5 (Re1xe8) (=3)} Rab8 {[%emt 0:28:52] BESTDEEP} 24. f3 {[%emt 0:00:00] next Rxe8+ is good for White. MISS-Re1xe8 3 (Re1xe8) (=3)} Re6 {[%emt 0:00:00] CPLX 2.2} 25. Kf2 {[%emt 0:00:00] BESTDEEP} Kf8 {[%emt 0:00:00] CPLX 2.2 9 (Kg8-g7) (=4)} 26. Kg1 {[%emt 0:00:00] Weighted Error Value: White=0.03 (flawless) /Black=0.05 (flawless)} *

[Event "1st Henriquez Urena Memorial 2022"]
[Site "Santo Domingo"]
[Date "2022.09.20"]
[Round "5.4"]
[White "Martinez Castillo, Julio Antonio"]
[Black "Leon Hoyos, Manuel"]
[Result "0-1"]
[WhiteElo "2122"]
[BlackElo "2491"]
[Annotator "TA"]
[PlyCount "35"]
[EventDate "2022.09.16"]
[EventType "swiss"]
[EventCountry "DOM"]
[SourceTitle "playchess.com"]
[Source "ChessBase"]
[SourceQuality "1"]
[TimeControl "5400+30"]

1. e4 c5 2. c4 Nc6 3. Nc3 g6 4. g3 Bg7 5. Bg2 d6 6. Nge2 e6 7. d3 Nge7 8. a3 O-O 9. O-O {[%emt 0:00:05][%mdl 32768] [#] Sensor Board Error (Ke4/e5)?} {Predecessor:} Nd4 $146 {A36: Symmetrical English vs ...g6: 4 Bg2 Bg7.} 10. Rb1 b6 11. e5 Nxe2+ 12. Qxe2 Rb8 13. exd6 Nf5 14. Be3 Nxe3 15. fxe3 Qxd6 16. Ne4 Qe7 17. b4 Bb7 18. b5 {½-½ (56) Maghsoodloo,P (2656)-Santos Latasa,J (2594) Leon 2019} 0-1

[Event "1st Henriquez Urena Memorial 2022"]
[Site "Santo Domingo"]
[Date "2022.09.20"]
[Round "5.5"]
[White "Polanco Nunez, Yoel Starling"]
[Black "Guzman, Christopher"]
[Result "1/2-1/2"]
[ECO "B92"]
[WhiteElo "2199"]
[BlackElo "2252"]
[Annotator "TA"]
[PlyCount "79"]
[EventDate "2022.09.16"]
[EventType "swiss"]
[EventCountry "DOM"]
[SourceTitle "playchess.com"]
[Source "ChessBase"]
[SourceQuality "1"]
[TimeControl "5400+30"]

1. e4 c5 2. Nf3 d6 3. d4 cxd4 4. Nxd4 Nf6 5. Nc3 a6 6. Be2 e5 7. Nb3 Be6 8. Be3 Nbd7 9. g4 {[%emt 0:01:35] B92: Sicilian Najdorf: 6 Be2.} Rc8 10. f3 {[%emt 0:00:09] [#]} Nb6 $146 (10... Be7 {feels stronger.}) ({Predecessor:} 10... Be7 11. Qd2 Qc7 12. g5 Nh5 13. O-O-O b5 14. Kb1 Nb6 15. Nc1 O-O 16. Rhg1 g6 {½-½ (29) Avotins,M (2495)-Riccio,E (2606) ICCF email 2009}) 11. g5 {[%emt 0:01:51] White has an edge.} Nfd7 (11... Nh5 $11) 12. Qd2 $14 Qc7 13. O-O-O d5 14. exd5 Bxd5 15. Kb1 (15. Nxd5 $16 Nxd5 16. c3 Nxe3 17. Qxe3) 15... Be6 $1 $11 16. Ne4 Nd5 17. Bd3 Nb4 {[%emt 0:07:02] [#]} (17... Be7 $11 {keeps the balance.}) 18. h4 {[%emt 0:04:14] Active counter play!} (18. f4 $1 $16) 18... Nxd3 (18... Be7 $11) 19. Qxd3 ({White should try} 19. cxd3 $14 Be7 20. Rc1) 19... Bb4 20. c3 Be7 21. h5 a5 22. g6 fxg6 23. hxg6 h6 24. Bg5 a4 {[%emt 0:03:10] [#]} 25. Na5 Nc5 (25... Qb6 26. Bxe7) 26. Nxc5 {[%emt 0:00:24] Dancing on a razor blade.} Bxc5 27. Qb5+ Bd7 {[%emt 0:02:43] This bishop pair is nice.} 28. Qxb7 Qxb7 (28... a3 $5 ) 29. Nxb7 Rf8 (29... Bf5+ $14 30. Ka1 O-O) 30. Rhe1 Rf5 (30... hxg5 $2 31. Rxe5+ Be7 32. Nd6+ Kd8 33. Nxc8 Kxc8 34. Rxe7 $18) 31. Bh4 {[%emt 0:06:48] Black must now prevent Rd5.} Rc7 32. Rd5 Rxb7 33. Rxc5 {[%emt 0:00:38] And now Rd1 would win.} Rb5 34. Rc7 $36 {[%emt 0:00:13][%mdl 2048] aiming for Rd1. White is on the roll.} Rxf3 $2 (34... Rh5 $16 {is more resistant.} 35. Bg3 Rb6) 35. Rd1 {[%emt 0:00:07][%cal Oc7c8] Threatening mate with Rc8+!} Bf5+ 36. Kc1 Bd3 37. Rxg7 $2 (37. Rc8+ $18 {and White stays clearly on top.} Kd7 38. Rd8+ Ke6 39. R8xd3 Rxd3 40. Rxd3) 37... e4 (37... Kf8 $142 38. Re7 Rb6) 38. Rg1 {[%emt 0:01:27] White threatens Re7+ and mate.} Rf1+ $2 (38... Kf8 $16 39. Ra7 Kg8) 39. Rxf1 $18 Bxf1 40. Rg8+ $2 {[%emt 0:00:08] Weighted Error Value: White=0.27 (precise) /Black=0.34} (40. Re7+ $18 {is more deadly.} Kf8 41. Rf7+ Kg8 42. Rxf1) 1/2-1/2

[Event "1st Henriquez Urena Memorial 2022"]
[Site "Santo Domingo"]
[Date "2022.09.20"]
[Round "5.6"]
[White "Camacho Campusano, David Daniel"]
[Black "Orizondo, Hugo"]
[Result "1/2-1/2"]
[ECO "E02"]
[WhiteElo "2230"]
[BlackElo "2034"]
[Annotator "TA"]
[PlyCount "82"]
[EventDate "2022.09.16"]
[EventType "swiss"]
[EventCountry "DOM"]
[SourceTitle "playchess.com"]
[Source "ChessBase"]
[SourceQuality "1"]
[TimeControl "5400+30"]

1. d4 e6 2. c4 d5 3. Nf3 Nf6 4. g3 Be7 5. Bg2 O-O 6. O-O c6 7. Nc3 Nbd7 8. Qd3 $1 {[%emt 0:06:12][%mdl 4] is currently scoring better than 8.b3.} dxc4 9. Qxc4 Nb6 10. Qb3 {[%emt 0:00:22] E02: Open Catalan: 5 Qa4+.} a5 11. a3 {[%emt 0:00:43] White is more active.} Nbd5 12. Rd1 {[%emt 0:05:31] White is slightly better.} Qb6 13. Qxb6 Nxb6 14. e4 c5 15. dxc5 Bxc5 16. h3 {[%emt 0:00:03] Against Ng4} (16. Ne1 $14 {was preferrable.}) 16... Bd7 $11 17. Ne5 Be8 18. Nd3 Bd4 19. Ne2 $1 Ba4 20. Rd2 (20. Re1 $14 Bb5 21. Nxd4 Bxd3 22. Bf4) 20... Nc4 {[%emt 0:15:22] [#] White must now prevent ...Rfd8.} 21. Nxd4 {[%emt 0:00:06] Re2 is the strong threat.} Rad8 22. Re2 {[%emt 0:12:20][%cal Od3c5] aiming for Nc5!} Rxd4 23. Nc5 Rd1+ 24. Kh2 Bc6 25. Rc2 Ne5 $132 {[%emt 0:05:48][%mdl 2048] Black is not keeping still} 26. f4 (26. b4 $11) 26... Ned7 ({Black should play} 26... Nd3 $15 27. Nxd3 Rxd3) 27. Nxd7 ({Better is} 27. Bf3 $1 $14 Rf1 28. Nxd7 Bxd7 29. Kg2) 27... Nxd7 28. e5 {[%emt 0:03:34] Against Nf6} Bxg2 29. Kxg2 Nb6 $1 30. b4 a4 31. Bb2 Rd3 32. Rac1 (32. Rf1 $17) 32... h5 33. g4 (33. Rf1 {keeps fighting.}) 33... Nd5 $19 34. Rf2 hxg4 35. hxg4 {[%emt 0:00:02][%mdl 32768] [#]  Weighted Error Value: White=0.26 (precise) /Black=0.14 (very precise) . An unexpected result.} {Predecessor:} Ne3+ $146 36. Kg1 Rfd8 37. Re2 Nxg4 38. Rc7 Rg3+ 39. Kf1 Rd1+ 40. Re1 Rd2 41. Re2 Rf3+ {0-1 (50) Ferreira Fernandez,S (2119)-Martinez,J (2122) Santo Domingo 2022} 1/2-1/2

[Event "1st Henriquez Urena Memorial 2022"]
[Site "Santo Domingo"]
[Date "2022.09.21"]
[Round "6.1"]
[White "Peralta, Fernando"]
[Black "Ramirez, Alejandro"]
[Result "1/2-1/2"]
[ECO "E48"]
[WhiteElo "2600"]
[BlackElo "2561"]
[Annotator "TA"]
[PlyCount "27"]
[EventDate "2022.09.16"]
[EventType "swiss"]
[EventCountry "DOM"]
[SourceTitle "playchess.com"]
[Source "ChessBase"]
[SourceQuality "1"]
[TimeControl "5400+30"]

1. d4 Nf6 2. c4 e6 3. Nc3 Bb4 4. e3 O-O 5. Bd3 Re8 6. Nge2 d5 {CPLX 2.4} 7. O-O {E48: Nimzo-Indian: Rubinstein: 5 Bd3 d5 including 6 Ne2, but excluding 6 a3.} Nbd7 {CPLX 2.5 22 (c7-c5) (=11)} 8. cxd5 {[%emt 0:00:00] CPLX 2.5} (8. Qb3 {looks sharper.} Bd6 9. cxd5 exd5 10. Nxd5 Nxd5 11. Qxd5 Nc5 12. Bxh7+ Kxh7 13. Qh5+) 8... exd5 {[%emt 0:02:29] RECAPT} 9. f3 {[%emt 0:02:30] CPLX 2.3 34 (Qd1-b3) (=11)} (9. Qb3 {is interesting.} Bd6 10. Nxd5 Nxd5 11. Qxd5 Nc5 12. Qc4) 9... c5 {[%emt 0:10:57] RELBLUND 57 (Bb4-f8) (=20)} (9... Bf8 $11) 10. a3 $14 {[%emt 0:00:00][%cal Ba2a3,Ba3b4,Bb4b5][%mdl 32] CPLX 2.5} cxd4 {[%emt 1:21:23] CPLX 2.8 16 (Bb4xc3) (=19)} 11. axb4 {[%emt 0:00:00] CPLX 3.2} ({Of course not} 11. Nxd4 Bxc3 12. bxc3 Ne5 $11) 11... dxc3 {[#] EASY} 12. Nxc3 $146 {RECAPT} ({Predecessor:} 12. bxc3 Ne5 13. Bc2 Bd7 14. Nf4 Bb5 15. Re1 a6 16. Qd4 Qc7 17. Bb3 Bc4 18. Ba4 {½-½ (73) Gurevich,D (2545)-Peters,J (2500) Berkeley 1984}) 12... Qb6 {[%emt 0:01:00] CPLX 2.4 34 (Nd7-e5) (=18)} 13. b5 {[%emt 0:02:00] CPLX 2.7 28 (Bd3-b5) (=9)} Nc5 {[%emt 0:00:00] CPLX 2.7} 14. Bc2 {[%emt 0:00:00] Weighted Error Value: White=0.10 (very precise) /Black=0.23 (precise)} 1/2-1/2

[Event "1st Henriquez Urena Memorial 2022"]
[Site "Santo Domingo"]
[Date "2022.09.21"]
[Round "6.2"]
[White "Leon Hoyos, Manuel"]
[Black "Quezada Perez, Yasser"]
[Result "0-1"]
[ECO "A20"]
[WhiteElo "2491"]
[BlackElo "2580"]
[Annotator "TA"]
[PlyCount "46"]
[EventDate "2022.09.16"]
[EventType "swiss"]
[EventCountry "DOM"]
[SourceTitle "playchess.com"]
[Source "ChessBase"]
[SourceQuality "1"]
[TimeControl "5400+30"]

1. c4 e5 2. g3 Nf6 3. Bg2 c6 4. Nf3 e4 5. Nd4 d5 6. cxd5 Qxd5 {[%emt 0:00:05] RECAPT} 7. e3 {[%emt 0:00:24] BESTDEEP. A20: English Opening: 1...e5.} Qe5 {[%emt 0:01:32] BESTDEEP} 8. O-O {[%emt 0:06:20] CPLX 2.5 21 (f2-f4) (=11)} Bc5 {[%emt 0:03:43] CPLX 2.5 16 (h7-h5) (=5)} 9. d3 {[%emt 0:10:09] CPLX 2.6. The position is equal.} exd3 {[%emt 0:02:52] BESTDEEP} 10. Nd2 {[%emt 0:03:53] BESTDEEP} O-O {[%emt 0:07:37] CPLX 3.0 4 (Qe5-e7) (=4)} 11. Nc4 {[%emt 0:01:31][%csl LRd3,LRe5] EASY} Qh5 {[%emt 0:13:14] [#] EASY} 12. h3 $146 {[%emt 0:17:04] MISS-Qd1xh5 18 (Qd1xh5) (=7)} ({Predecessor:} 12. Qxh5 Nxh5 13. Nb3 Be7 14. Rd1 Rd8 15. Nba5 Nf6 16. Bd2 Nbd7 17. Rac1 Rb8 18. e4 {1-0 (32) Repanic,F (2159)-Luksic,E (2175) ICCF email 2017}) 12... Rd8 {[%emt 0:13:51] BESTDEEP} 13. g4 $2 {[%emt 0:27:32] [#] RELBLUND 186 (Qd1xh5) (=32)} (13. Qxh5 $11 Nxh5 14. Rd1) 13... Bxg4 $1 $19 {[%emt 0:00:16][%mdl 512] EASY} 14. hxg4 {[%emt 0:00:18] RECAPT} Nxg4 {[%emt 0:00:04][%csl Gg4][%cal Rh5h2] RECAPT} 15. Nf3 {[%emt 0:03:12][%cal Ob2b4] [#] Against Qh2+. EASY} Nd7 $1 {[%emt 0:01:25][%cal Bb8d7,Bd7c5,Bc5e4][%mdl 32] BESTDEEP} 16. b4 {[%emt 0:13:03] DEEPSTRONG} ({Reject} 16. Qxd3 b5 17. Rd1 bxc4 $19) 16... Bxb4 {[%emt 0:18:28] Hoping for ...b5. BESTDEEP} 17. Rb1 {[%emt 0:01:00] [#] CPLX 4.6 71 (Bc1-b2) (=27)} (17. Bb2 $17 b5 18. Ncd2) 17... Bd6 $2 $40 {[%emt 0:05:43][%mdl 128] Black wants a kill. Dancing on a razor blade. CPLX 4.9 158 (a7-a5) (=15)} 18. Rxb7 {[%emt 0:04:48][%mdl 8192] MISSDEEP-Rf1-e1 400 (Rf1-e1) (=58)} ({Don't go for} 18. Nxd6 $2 Nde5 19. Re1 Rxd6 $19) (18. Re1 $17 Bh2+ 19. Kf1) 18... Bh2+ {[%emt 0:01:23][%cal Bd6h2,Bh2c7,Bc7a5][%mdl 32] CPLX 5.5} 19. Kh1 {[%emt 0:00:03] EASY} Nc5 {[%emt 0:01:58] White must now prevent ...Nxf2+. CPLX 4.8} 20. Rb2 {[%emt 0:03:20] CPLX 5.1 400 (Rb7-e7) (=78)} Ne4 {[%emt 0:00:44] ( -> ...Ngxf2+). EASY} 21. Qe1 {[%emt 0:00:31] RELBLUND 400 (Qd1-d2) (=100)} Bc7+ {[%emt 0:03:58] BESTDEEP} 22. Kg1 {[%emt 0:00:08] EASY} Ng5 {[%emt 0:00:15] BESTDEEP} 23. Ncd2 {[%emt 0:00:31] EASY} Ba5 {[%emt 0:00:21] Weighted Error Value: White=1.35/Black=0.19 (very precise)} 0-1

[Event "1st Henriquez Urena Memorial 2022"]
[Site "Santo Domingo"]
[Date "2022.09.21"]
[Round "6.3"]
[White "Guzman, Christopher"]
[Black "Araujo Sanchez, Josue"]
[Result "1/2-1/2"]
[ECO "B90"]
[WhiteElo "2252"]
[BlackElo "2281"]
[Annotator "TA"]
[PlyCount "150"]
[EventDate "2022.09.16"]
[EventType "swiss"]
[EventCountry "DOM"]
[SourceTitle "playchess.com"]
[Source "ChessBase"]
[SourceQuality "1"]
[TimeControl "5400+30"]

1. e4 c5 2. Nf3 d6 3. d4 cxd4 4. Nxd4 Nf6 5. Nc3 a6 6. h4 {[%emt 0:00:51] B90: Sicilian Najdorf: Unusual White 6th moves, 6 Be3 Ng4 and 6 Be3 e5.} e5 7. Nb3 Be6 8. f4 h5 9. f5 Bd7 10. Bg5 {[%emt 0:00:16] [#]} Bc6 $146 ({Predecessor:} 10... Be7 11. Be2 Bc6 12. Bxf6 Bxf6 13. g3 a5 14. a4 g6 15. fxg6 fxg6 16. Bc4 Na6 {1-0 (49) Nomin Erdene,D (2377)-Zawadzka,J (2424) Batumi 2018}) 11. Bxf6 Qxf6 12. Bc4 Nd7 13. Qe2 Qd8 14. O-O-O Nf6 15. Nd5 Ng4 16. Nd2 Be7 17. g3 Rc8 18. Nf1 b5 $1 19. Bb3 Bxd5 20. Bxd5 Qb6 {[%emt 0:00:12] Inhibits Ne3.} 21. Re1 Bd8 22. Ne3 Nxe3 23. Qxe3 Qxe3+ 24. Rxe3 Bb6 25. Rb3 Rb8 {[%emt 0:02:40] Prevents Bb7.} (25... Rc5 $14) 26. Ra3 $16 {[%emt 0:00:38] White is more active.} a5 27. Bc6+ Ke7 28. Bxb5 Bc5 (28... Rhc8 $16) 29. Rxa5 $18 d5 30. Bc6 Be3+ 31. Kb1 Bd4 32. b3 (32. Rxd5 $6 Rxb2+ 33. Kc1 Rxa2 34. Rd7+ Kf6 $14) 32... dxe4 33. Bxe4 Rhc8 34. Bd3 Rb6 35. Rf1 Kf6 36. Rd5 Rc3 37. Rd7 Rb4 $2 (37... Rb8 {is a better defense.} 38. Rd6+ Ke7) 38. Kc1 (38. Be2 $142) 38... Be3+ 39. Kd1 {[%emt 0:01:56] And now Bc4 would win.} e4 (39... Rd4 {was necessary.} 40. Rxd4 Bxd4) 40. Bc4 Rbxc4 41. bxc4 Rxc4 {[%emt 0:02:30][%mdl 4096] Endgame KRR-KRB} 42. Rd5 (42. Ke2 $6 Bh6 $18) 42... Bd4 43. Ra5 {[%emt 0:07:44] Inhibits Ra4.} Be5 44. Ra3 Bd6 45. Re3 Ke5 46. Rb3 Ra4 47. Rb5+ Kd4 $2 (47... Kf6 $16 {was worth a try.} 48. Rb6 Ke7) 48. f6 gxf6 49. Ke2 ({Don't do} 49. Rxf6 Bxg3 50. Rxf7 (50. Rxh5 Rxa2 51. Rc6 Ke3 $14) 50... Bxh4 51. Rxh5 Bg3 $18) (49. Rxh5 Rxa2 50. Rb5 (50. Rxf6 Bxg3 51. Rc6 Ke3 $14) 50... Bxg3 $16) 49... Be5 50. Rfb1 Rxa2 $2 (50... Kc4 51. Ke3 Bxg3 52. Rxh5 (52. Kxe4 Bxh4 53. Rxh5 Kc3+ 54. Kf3 Kxc2 $18) 52... Be5) 51. R1b4+ Kc3 52. Rxe4 Rxc2+ (52... Ra6 $142 53. Rc5+ Kb2) 53. Kf3 Ra2 54. Rb7 (54. Rexe5 $142 {Intending Rec5+ and mate.} fxe5 55. Rxe5) 54... Ra1 55. Rxf7 Rg1 56. Re3+ Kc4 57. Kf2 Rb1 58. Rf3 (58. Ra3 $142) 58... Kd5 59. Rh7 $2 (59. Ra3 $18) 59... Ke4 $2 ({Better is} 59... Rb2+ $14 60. Kf1 Ke4) 60. Re3+ Kf5 61. Rxh5+ Kg4 $2 (61... Kg6 $18) 62. Rexe5 fxe5 {[%emt 0:00:08] KR-KR} 63. Rg5+ Kh3 64. Kf3 (64. h5 $142 Rb2+ 65. Kf3 Rb7 66. h6 e4+ 67. Kxe4 Ra7 68. g4 Kh4 69. Rg8 Ra4+ 70. Kd5 Ra5+ 71. Kc4 Ra4+ 72. Kd5 Ra5+ 73. Kd4 Ra4+ 74. Kc5) 64... Re1 65. h5 Rf1+ 66. Ke2 (66. Ke4 $142 {White wants to mate with h6.} Re1+ 67. Kf5) 66... Kg2 67. h6 {[%emt 0:00:55] [#] Threatening mate with h7.} Rf2+ 68. Ke3 Rf1 69. h7 $2 (69. g4 {mates} Rf8 70. h7 Rh8 71. Rg7 Kh3 72. g5 Rb8 73. g6 Kh4 74. Rg8 Rb3+ 75. Ke4) 69... Re1+ $16 70. Kd2 (70. Kd3 $16 Rh1 71. Rg7 (71. Rxe5 Rxh7 72. g4 Kf3 $11)) 70... Rh1 $11 {[%emt 0:00:20] The position is equal.} 71. Rg7 Kf3 72. g4 {[%emt 0:01:44] [#] g5 would kill now.} e4 $1 73. g5 e3+ 74. Kd3 e2 75. Re7 {[%emt 0:04:01] White threatens g6 and mate.} Rxh7 {[%emt 0:01:24] Black escapes into a draw.  Weighted Error Value: White=0.25 (precise) /Black=0.37} 1/2-1/2